AoeStats
← Cheonma

Arabia

505802134Analyzed
1v1 RM · 22d ago on Sep 11, 2026· 36m 30s· 2 players
Game mode
Random Map
Map size
Tiny (2 player)
Population
200
Speed
Normal
Resources
Standard
Victory
Conquest
Starting age
Dark Age
Ending age
Imperial Age
RankedLock teamsTeams togetherTeam positionsShared explorationLock speedFull tech treeHidden civsTurbo modeCheats
Victory
Defeat
🇹🇼 Mongols · Taiwan
1113
+17
🇦🇷 Magyars · Argentina
1133
-17
Relax
10:03 Feudal Age
9:48 Loom
10:29 Double-Bit Axe
16:14 Fletching
21:26 Castle Age
19:39 Horse Collar
21:46 Padded Archer Armor
22:02 Forging
22:23 Bloodlines
21:56 Crossbowman
23:06 Bow Saw
27:14 Husbandry
30:18 Iron Casting
30:37 Scale Barding Armor
37:24 Imperial Age
Cheonma
5:55 Loom
9:03 Feudal Age
19:38 Castle Age
19:27 Bloodlines
19:38 Double-Bit Axe
22:32 Horse Collar
23:15 Husbandry
24:38 Scale Barding Armor
25:10 Elite Skirmisher
26:59 Fletching
27:35 Padded Archer Armor
32:05 Wheelbarrow
31:53 Chain Barding Armor
31:35 Bodkin Arrow
32:31 Gold Mining
32:50 Heavy Plow
33:29 Pikeman
34:52 Ballistics
35:44 Town Watch
Connection lost

Rejoining the realm…

Still unreachable

The connection could not be restored.

Session expired

The server has moved on; the page needs a fresh start.